[Event "Titled Tuesday Blitz February 22 Early 2022"]
[White "Singh, Ojasva"]
[Black "Vakhlamov, Igor L."]
[WhiteFideId "25681958"]
[BlackFideId "24126748"]
[WhiteElo "1741"]
[BlackElo "2401"]
[Result "1/2-1/2"]
[Round "07"]
[TimeControl "180+1"]
[Date "2022.02.22"]
[WhiteClock "0:00:35"]
[BlackClock "0:02:07"]

1. e4 c5 2. Nf3 Nc6 3. d4 cxd4 4. Nxd4 g6 5. c4 Nf6 6. Nc3 d6 7. Be2 Nxd4 8. Qxd4 Bg7 9. Bg5 O-O 10. Qd2 Be6 11. O-O Qa5 12. Rac1 Rfc8 13. b3 a6 14. Rfd1 b5 15. Bxf6 Bxf6 16. Nd5 Qxd2 17. Nxf6+ Kg7 18. Nh5+ gxh5 19. Rxd2 bxc4 20. bxc4 Rc5 21. f4 f5 22. exf5 Rxf5 23. Bf3 Rc8 24. Re1 Kf6 25. Rde2 Bxc4 26. Rxe7 Rxf4 27. Rxh7 h4 28. Rh6+ Kg5 29. Rxd6 Bxa2 30. Rxa6 Bc4 31. Re5+ Rf5 32. Raa5 Rxe5 33. Rxe5+ Kf4 34. Rh5 Ke3 35. Rxh4 Bd5 36. h3 Bxf3 37. gxf3 Kxf3 38. Rg4 Rc1+ 39. Kh2 Rc2+ 40. Kh1 Rc1+ 41. Kh2 Rc2+ 42. Kh1 Rc1+ 43. Kh2 1/2-1/2


[Site "https://www.chess.com"]

[Event "Titled Tuesday Blitz February 22 Early 2022"]
[White "Siva Mahadevan"]
[Black "Mohammad Fahad, Rahman"]
[WhiteFideId "25043153"]
[BlackFideId "10207791"]
[WhiteElo "2203"]
[BlackElo "2323"]
[Result "0-1"]
[Round "07"]
[TimeControl "180+1"]
[Date "2022.02.22"]
[WhiteClock "0:00:03"]
[BlackClock "0:00:07"]

1. e4 c6 2. d4 d5 3. e5 c5 4. Nf3 Nc6 5. c4 cxd4 6. Nxd4 e6 7. Nc3 Bb4 8. Qa4 Ne7 9. Bg5 Bd7 10. Nxc6 Bxc3+ 11. bxc3 Bxc6 12. Qa3 h6 13. Bh4 g5 14. Bg3 Rc8 15. Rd1 Qb6 16. c5 Qc7 17. Bd3 a6 18. h4 g4 19. h5 Bd7 20. Rh4 Rg8 21. Qb4 Qxc5 22. Qf4 Qxc3+ 23. Kf1 Rg5 24. Qf6 Ba4 25. Qxh6 Bxd1 26. Qxg5 Qxd3+ 27. Kg1 Be2 28. h6 Qb1+ 29. Kh2 Bd3 30. Rxg4 Rc1 31. Bh4 Rh1+ 32. Kg3 Nf5+ 33. Kf4 Qb4+ 34. Kf3 Be2+ 35. Kxe2 Re1+ 36. Kf3 Qc3+ 37. Kf4 Qd4+ 38. Kf3 Qd3+ 0-1


[Site "https://www.chess.com"]

[Event "Titled Tuesday Blitz February 22 Early 2022"]
[White "Slugin, Sergey"]
[Black "Tsvetkov, Andrey"]
[WhiteFideId "4122569"]
[BlackFideId "34139360"]
[WhiteElo "2358"]
[BlackElo "2280"]
[Result "1-0"]
[Round "07"]
[TimeControl "180+1"]
[Date "2022.02.22"]
[WhiteClock "0:00:39"]
[BlackClock "0:00:41"]

1. e4 c5 2. Nf3 d6 3. d4 cxd4 4. Nxd4 Nf6 5. Nc3 a6 6. Bg5 Nbd7 7. f4 Qc7 8. Qe2 e5 9. Nf5 h6 10. fxe5 dxe5 11. Bxf6 Nxf6 12. O-O-O Bb4 13. Nd5 Nxd5 14. Rxd5 O-O 15. a3 Bc5 16. Qc4 b6 17. b4 Bxf5 18. exf5 Be3+ 19. Kb1 Qe7 20. Qe4 Bg5 21. Bd3 a5 22. f6 1-0


[Site "https://www.chess.com"]

[Event "Titled Tuesday Blitz February 22 Early 2022"]
[White "Srihari L R"]
[Black "Dwilewicz, Katarzyna"]
[WhiteFideId "46617116"]
[BlackFideId "1148486"]
[WhiteElo "2121"]
[BlackElo "1907"]
[Result "1-0"]
[Round "07"]
[TimeControl "180+1"]
[Date "2022.02.22"]
[WhiteClock "0:00:56"]
[BlackClock "0:00:24"]

1. Nf3 Nf6 2. g3 b6 3. Bg2 Bb7 4. O-O e6 5. Ne1 Bxg2 6. Nxg2 d5 7. d3 c5 8. Nd2 Nc6 9. e4 Be7 10. c3 O-O 11. Qe2 Qc7 12. f4 dxe4 13. dxe4 Rfd8 14. a4 Rd7 15. Nc4 Rad8 16. Qf3 Rd3 17. Be3 Nd4 18. cxd4 cxd4 19. Rac1 Qb7 20. Ne5 Rb3 21. Qd1 Rxb2 22. Bf2 Nxe4 23. Nc6 Bc5 24. Nxd8 1-0


[Site "https://www.chess.com"]

[Event "Titled Tuesday Blitz February 22 Early 2022"]
[White "Stanisz, Patryk"]
[Black "Mikhalsky, Vladimir"]
[WhiteFideId "1123106"]
[BlackFideId "14144352"]
[WhiteElo "1876"]
[BlackElo "2248"]
[Result "1-0"]
[Round "07"]
[TimeControl "180+1"]
[Date "2022.02.22"]
[WhiteClock "0:02:11"]
[BlackClock "0:02:22"]

1. Nf3 c5 2. g3 d5 3. Bg2 f6 4. d4 cxd4 5. Nxd4 e5 6. Nb3 Be6 7. c4 dxc4 8. Qxd8+ Kxd8 9. Na5 Nc6 10. Nxc6+ bxc6 11. Bxc6 Rc8 12. Bg2 Bb4+ 13. Bd2 Rb8 14. Bxb4 Rxb4 15. Nc3 Rxb2 16. O-O-O+ Rd2 17. Rxd2+ 1-0


[Site "https://www.chess.com"]

[Event "Titled Tuesday Blitz February 22 Early 2022"]
[White "Stefanov, Plamen"]
[Black "Karavaeva, Olga"]
[WhiteFideId "2900980"]
[BlackFideId "4124111"]
[WhiteElo "2137"]
[BlackElo "2105"]
[Result "1-0"]
[Round "07"]
[TimeControl "180+1"]
[Date "2022.02.22"]
[WhiteClock "0:00:08"]
[BlackClock "0:00:10"]

1. e4 c5 2. Nf3 e6 3. c3 Nf6 4. e5 Nd5 5. Bc4 d6 6. Bxd5 exd5 7. O-O dxe5 8. Nxe5 Be7 9. d4 O-O 10. Nd2 Nc6 11. Ndf3 h6 12. Re1 Bf5 13. h3 Re8 14. Bf4 Be4 15. Qd2 Bd6 16. Bxh6 cxd4 17. Nxc6 bxc6 18. Bg5 f6 19. Bf4 dxc3 20. bxc3 Bxf3 21. Rxe8+ Qxe8 22. Bxd6 Qg6 23. Bg3 Be4 24. Qd4 Re8 25. Qxa7 Bd3 26. Qd7 f5 27. Kh2 Re4 28. Qd6 Qe8 29. a4 Re6 30. Qf4 Re4 31. Qg5 Qf7 32. Bf4 Re2 33. Be3 f4 34. Bd4 Be4 35. a5 Bd3 36. a6 c5 37. Bxc5 f3 38. g3 Re8 39. a7 Ra8 40. Bd4 Be4 41. Ra6 Bf5 42. Rd6 Be6 43. Rd8+ 1-0


[Site "https://www.chess.com"]

[Event "Titled Tuesday Blitz February 22 Early 2022"]
[White "Steil-Antoni, Fiona"]
[Black "Kirillov, Dmitry"]
[WhiteFideId "4001249"]
[BlackFideId "34180572"]
[WhiteElo "2059"]
[BlackElo "2076"]
[Result "0-1"]
[Round "07"]
[TimeControl "180+1"]
[Date "2022.02.22"]
[WhiteClock "0:00:02"]
[BlackClock "0:00:14"]

1. e4 c5 2. Nc3 Nc6 3. f4 e6 4. Nf3 d5 5. Bb5 dxe4 6. Bxc6+ bxc6 7. Nxe4 Nf6 8. d3 Nxe4 9. dxe4 Qxd1+ 10. Kxd1 f6 11. Be3 Kd7 12. c3 Kc7 13. Kc2 Ba6 14. Rad1 Be7 15. Nd2 c4 16. Nf3 c5 17. Rd2 Bb7 18. e5 Be4+ 19. Kc1 Rad8 20. Rhd1 Rd3 21. Rxd3 cxd3 22. c4 Rd8 23. Kd2 h6 24. Kc3 f5 25. Ne1 Kc6 26. g3 g5 27. Nxd3 g4 28. Nf2 Rxd1 29. Nxd1 Bd8 30. a3 a5 31. Nf2 Bf3 32. Kb3 Be2 33. Kc3 a4 34. Nd3 Ba5+ 35. Kc2 Bb6 36. Bd2 h5 37. Bc3 Bd8 38. Kd2 Bf1 39. Ke3 h4 40. Kd2 hxg3 41. hxg3 Be7 42. Ke3 Bd8 43. Be1 Bb6 44. Bf2 Ba5 45. Bg1 Bxd3 46. Kxd3 Be1 47. Bh2 Bf2 48. Kc2 Bd4 49. b3 axb3+ 50. Kxb3 Kb6 51. Ka4 Ka6 52. Kb3 Ka5 53. Ka2 Ka4 54. Kb1 Kxa3 55. Kc2 Kb4 56. Kd3 Kb3 57. Ke2 Kxc4 58. Kd2 Kb3 59. Kd3 Bf2 60. Ke2 Bd4 61. Kd3 Kb4 62. Kd2 c4 63. Kc2 Bc5 64. Kd2 Kb3 65. Ke2 c3 0-1


[Site "https://www.chess.com"]

[Event "Titled Tuesday Blitz February 22 Early 2022"]
[White "Svane, Rasmus"]
[Black "Zierk, Steven"]
[WhiteFideId "4657101"]
[BlackFideId "2034255"]
[WhiteElo "2645"]
[BlackElo "2494"]
[Result "0-1"]
[Round "07"]
[TimeControl "180+1"]
[Date "2022.02.22"]
[WhiteClock "0:00:01"]
[BlackClock "0:00:04"]

1. Nf3 d5 2. g3 Nf6 3. Bg2 Bg4 4. O-O c6 5. h3 Bxf3 6. Bxf3 e5 7. d3 Be7 8. e4 dxe4 9. dxe4 Qxd1 10. Rxd1 O-O 11. Nd2 Nbd7 12. Nb3 Nc5 13. Nxc5 Bxc5 14. Bg5 Rfd8 15. Kf1 Kf8 16. Ke2 Ke7 17. c3 Rxd1 18. Rxd1 Rd8 19. Rxd8 Kxd8 20. Bd2 Ne8 21. Bg2 Nd6 22. f4 f6 23. Bf3 b5 24. g4 Nc4 25. Bc1 exf4 26. Bxf4 Ne5 27. Bg2 a5 28. g5 Ke7 29. h4 a4 30. Bh3 Ng6 31. Bg3 Bd6 32. gxf6+ gxf6 33. Bxd6+ Kxd6 34. Bf5 Nxh4 35. Bxh7 Ke5 36. Ke3 Ng2+ 37. Kf3 Nf4 38. Ke3 Ne6 39. Bg6 Kd6 40. b4 Ng5 41. Bh5 Ke5 42. Be8 Nxe4 43. Bxc6 Nxc3 44. a3 Kd6 45. Be8 Ke7 46. Bc6 Kd6 47. Be8 Nd5+ 48. Ke4 Nc7 49. Bh5 Ne6 50. Be2 f5+ 51. Ke3 Kc6 52. Bf3+ Kb6 53. Bd5 Nc7 54. Bf7 Kc6 55. Kf4 Nd5+ 56. Kxf5 Ne3+ 57. Ke4 Nc2 58. Kd3 Nxa3 59. Kc3 Kd6 60. Be8 Kd5 61. Kb2 Nc4+ 62. Kc3 Nd6 63. Bd7 Ke4 64. Bc6+ Ke3 65. Bd7 Ke2 66. Kc2 Ke3 67. Kc3 Ke4 68. Bc6+ Ke5 69. Bd7 Kd5 70. Kd3 Ke5 71. Kc3 Kf6 72. Kd4 Ke7 73. Bc6 Kd8 74. Kc5 Kc7 75. Bd5 a3 76. Kd4 Nc4 77. Kc3 a2 0-1


[Site "https://www.chess.com"]

[Event "Titled Tuesday Blitz February 22 Early 2022"]
[White "Sviridova, Vlada"]
[Black "Novikov, Evgenij"]
[WhiteFideId "24109606"]
[BlackFideId "4125380"]
[WhiteElo "2101"]
[BlackElo "2242"]
[Result "0-1"]
[Round "07"]
[TimeControl "180+1"]
[Date "2022.02.22"]
[WhiteClock "0:00:03"]
[BlackClock "0:00:21"]

1. d4 Nf6 2. c4 g6 3. Nc3 Bg7 4. e4 O-O 5. Nf3 d6 6. Be2 e5 7. O-O Nc6 8. d5 Ne7 9. Ne1 a5 10. Be3 Nd7 11. f3 f5 12. Nd3 b6 13. a3 Nc5 14. b4 axb4 15. axb4 Rxa1 16. Qxa1 Nb3 17. Qa7 Bd7 18. c5 bxc5 19. bxc5 Qb8 20. c6 Qxa7 21. Bxa7 Bc8 22. Nb5 Nd2 23. Rd1 fxe4 24. fxe4 Nxe4 25. Nxc7 Nc3 26. Re1 Ncxd5 27. Nb5 Nxc6 28. Bf3 Ndb4 29. Nxb4 Nxb4 30. Nxd6 Ba6 31. Bc5 Nd3 32. Bd5+ Kh8 33. Ra1 Nxc5 34. Ra5 e4 35. h4 Bd4+ 0-1


[Site "https://www.chess.com"]

[Event "Titled Tuesday Blitz February 22 Early 2022"]
[White "Szpar, Milosz"]
[Black "Makhnev, Denis"]
[WhiteFideId "1184989"]
[BlackFideId "13707647"]
[WhiteElo "2447"]
[BlackElo "2491"]
[Result "0-1"]
[Round "07"]
[TimeControl "180+1"]
[Date "2022.02.22"]
[WhiteClock "0:00:06"]
[BlackClock "0:00:07"]

1. e4 c6 2. d4 d5 3. Nc3 dxe4 4. Nxe4 Nf6 5. Qd3 Nxe4 6. Qxe4 Nd7 7. Nf3 Nf6 8. Qf4 Qd6 9. Qxd6 exd6 10. g3 Be6 11. Bg2 h6 12. O-O Be7 13. b3 O-O 14. Re1 Rfe8 15. Bb2 a5 16. a4 Nd5 17. Re2 Nb4 18. Rae1 Kf8 19. Rd2 Bf5 20. Ree2 g5 21. Ne1 g4 22. f4 Bf6 23. c3 Nd5 24. Nc2 Rxe2 25. Rxe2 Re8 26. Rxe8+ Kxe8 27. Na3 Kd7 28. Bxd5 cxd5 29. Kf2 h5 30. Ke3 h4 31. Bc1 h3 32. Bd2 Be4 33. c4 Bd8 34. Nb5 Bc2 35. cxd5 Bxb3 36. Nc3 f5 37. Kd3 b6 38. Bc1 Be7 39. Ba3 Kc8 40. Kd2 Kb7 41. Nb5 Bxd5 42. Bxd6 Bd8 43. Kc3 Kc6 44. Be5 Bf3 45. Na7+ Kd5 46. Nb5 Bd1 47. Kd2 Bb3 48. Nc3+ Kc4 49. d5 Kc5 50. d6 Kc6 51. Kd3 Be6 52. Kd4 Bf7 53. Nb5 Be8 54. Kc3 Kc5 55. Nd4 Bd7 56. Nb3+ Kd5 57. Kd3 Bxa4 58. Nd4 Bd7 59. Ne2 b5 60. Nc3+ Kc6 61. Kd4 b4 62. Nd5 Bb6+ 63. Nxb6 Kxb6 64. Kc4 Be6+ 65. Kd4 a4 66. Kd3 a3 67. Kc2 b3+ 68. Kb1 b2 69. Bf6 Bd5 70. Be7 Be4+ 0-1


[Site "https://www.chess.com"]

[Event "Titled Tuesday Blitz February 22 Early 2022"]
[White "Tillis., Bryan"]
[Black "Vusatiuk, Vladimir"]
[WhiteFideId "2059053"]
[BlackFideId "14118610"]
[WhiteElo "2295"]
[BlackElo "2157"]
[Result "1/2-1/2"]
[Round "07"]
[TimeControl "180+1"]
[Date "2022.02.22"]
[WhiteClock "0:00:16"]
[BlackClock "0:00:13"]

1. c4 Nf6 2. Nf3 e6 3. g3 d5 4. Bg2 Be7 5. O-O O-O 6. d4 dxc4 7. Ne5 Nc6 8. Bxc6 bxc6 9. Nxc6 Qe8 10. Nxe7+ Qxe7 11. b3 c5 12. Ba3 cxb3 13. Qxb3 c4 14. Bxe7 cxb3 15. axb3 Re8 16. Bxf6 gxf6 17. Nd2 Bb7 18. Rfc1 Red8 19. e3 Rd7 20. Nc4 Bf3 21. Ra3 Rb8 22. h3 Rdb7 23. Nd2 Bd5 24. Rca1 Bxb3 25. Nxb3 Rxb3 26. Rxa7 f5 27. Rc7 Rb1+ 28. Rxb1 Rxb1+ 29. Kg2 Kg7 30. Rc8 h5 31. Ra8 Kg6 32. Rg8+ Kh7 33. Rd8 Kg7 34. h4 Rd1 35. Kf3 Rd2 36. Ra8 Kf6 37. Rg8 Ke7 38. Rg5 Kf8 39. Rxh5 Kg7 40. Rg5+ Kh7 41. g4 f6 42. Rh5+ Kg6 43. Rh8 fxg4+ 44. Kg3 f5 45. Re8 Kf6 46. Kg2 Kf7 47. Ra8 Kf6 48. Rg8 Kf7 49. Rb8 Kf6 50. Rb5 Rc2 51. Rb6 Kf7 52. Ra6 Rd2 53. Kg3 Kf6 54. Ra7 Kg6 55. Re7 Kf6 56. Re8 Kf7 57. Rd8 Ke7 58. Rb8 Kf6 59. Rb7 Kg6 60. Rb1 Kf6 61. Rh1 Kg6 62. Kg2 Kh5 63. Kg3 Kg6 64. Rb1 Kf6 65. Ra1 Kf7 66. Ra6 Kf6 67. Rb6 Rd1 68. Rb8 Rg1+ 69. Kh2 Rf1 70. Kg2 Rd1 71. Rf8+ Kg7 72. Rd8 Kf7 73. Rd7+ Kf6 74. Rh7 Rd2 75. Rh6+ Kf7 76. Rh7+ Kg6 77. Rh8 Kg7 78. Ra8 Kf6 79. Ra7 Kg6 80. Ra6 Kf6 81. Kf1 Rd1+ 82. Ke2 Rh1 83. d5 Rxh4 84. Rxe6+ Kf7 85. Re5 Kf6 86. Re6+ Kf7 87. Kf1 Rh5 88. Kg2 f4 89. exf4 Rxd5 90. Re4 Kf6 91. Kg3 Kf5 92. Re3 Rd2 93. Re5+ Kf6 94. Ra5 Rc2 95. Ra6+ Kf5 96. Ra5+ Kf6 97. Rg5 Rc3+ 98. Kxg4 Rc2 99. Kf3 Rc3+ 100. Kg2 Rc4 101. Kg3 Rc3+ 102. f3 Rc1 103. Ra5 Rg1+ 104. Kf2 Rh1 105. Kg2 Rd1 106. f5 Rc1 107. Kg3 Rc4 108. Rb5 Rd4 109. Kh3 Rf4 110. Kg3 Rxf5 111. Rxf5+ Kxf5 112. f4 Kf6 113. Kf3 Kg6 114. Ke3 Kf6 115. Ke4 Ke6 116. f5+ Kf6 117. Kf4 Kf7 118. Ke5 Ke7 119. f6+ Kf7 120. Kf5 Kf8 121. Kg4 Kf7 122. Kg5 Kf8 123. Kf5 Kf7 124. Ke5 Kf8 125. Ke4 Kf7 126. Kf5 Kf8 127. Ke6 Ke8 128. f7+ Kf8 129. Kf6 1/2-1/2


[Site "https://www.chess.com"]

[Event "Titled Tuesday Blitz February 22 Early 2022"]
[White "Tomiello, Mateus Costamilan"]
[Black "Maltsevskaya, Aleksandra"]
[WhiteFideId "22701958"]
[BlackFideId "24174041"]
[WhiteElo "1975"]
[BlackElo "2283"]
[Result "0-1"]
[Round "07"]
[TimeControl "180+1"]
[Date "2022.02.22"]
[WhiteClock "0:00:10"]
[BlackClock "0:00:14"]

1. e4 c5 2. Nf3 e6 3. d4 cxd4 4. Nxd4 Nc6 5. Nc3 Nf6 6. Ndb5 Bc5 7. Nd6+ Ke7 8. Nxc8+ Rxc8 9. Bd3 Qc7 10. O-O h5 11. g3 h4 12. Bf4 Ne5 13. Nb5 Qb8 14. c3 hxg3 15. hxg3 Nh5 16. Bxe5 Qxe5 17. Kg2 g5 18. Rh1 Nf6 19. Qe2 a6 20. Nd4 Bxd4 21. cxd4 Qxd4 22. e5 Ng4 23. Be4 Nxe5 24. Rhd1 Qb6 25. Rd2 Rh6 26. Rad1 Rch8 27. Kg1 g4 28. Bg2 f6 29. Qe4 Rh2 30. Qxb7 Rxg2+ 31. Qxg2 Nf3+ 32. Kf1 Rh2 33. Qxf3 gxf3 34. Rxd7+ Ke8 35. Kg1 Qxf2# 0-1


[Site "https://www.chess.com"]

[Event "Titled Tuesday Blitz February 22 Early 2022"]
[White "Topalov, Aleksandar"]
[Black "Steenbekkers, Franck"]
[WhiteFideId "925659"]
[BlackFideId "1004220"]
[WhiteElo "2098"]
[BlackElo "2149"]
[Result "1-0"]
[Round "07"]
[TimeControl "180+1"]
[Date "2022.02.22"]
[WhiteClock "0:01:17"]
[BlackClock "0:02:24"]

1. b3 f5 2. Bb2 e6 3. e4 Nf6 4. exf5 exf5 5. Qe2+ Be7 6. Bxf6 gxf6 7. Qh5+ Kf8 8. Qh6+ Ke8 9. Be2 d6 10. Bh5+ Kd7 11. Qf4 Kc6 12. Bf3+ d5 13. Ne2 Bd6 14. Qa4+ b5 15. Nd4+ Kd7 16. Nxb5 c6 17. Nxd6 Kxd6 18. Qf4+ Kc5 19. O-O Nd7 20. Nc3 Ne5 21. d4+ 1-0


[Site "https://www.chess.com"]

[Event "Titled Tuesday Blitz February 22 Early 2022"]
[White "Tregubov, Pavel V."]
[Black "Papasimakopoulos, Alexandros"]
[WhiteFideId "4115341"]
[BlackFideId "4244125"]
[WhiteElo "2614"]
[BlackElo "2782"]
[Result "1-0"]
[Round "07"]
[TimeControl "180+1"]
[Date "2022.02.22"]
[WhiteClock "0:02:10"]
[BlackClock "0:01:24"]

1. e4 e6 2. d4 d5 3. exd5 exd5 4. Nf3 Bg4 5. h3 Bh5 6. Nc3 Bb4 7. Bd2 Nf6 8. Qe2+ Qe7 9. Qxe7+ Kxe7 10. g4 Bg6 11. g5 Bxc3 12. gxf6+ Kxf6 13. Bxc3 Bxc2 14. Ne5 Re8 15. Kd2 Bf5 16. Bd3 Bxd3 17. Kxd3 Na6 18. Rae1 c6 19. Re3 c5 20. Rhe1 c4+ 21. Kd2 Nc7 22. Rf3+ Kg5 23. Rg1+ Kh5 24. Rf5+ Kh6 25. Nxf7# 1-0


[Site "https://www.chess.com"]

[Event "Titled Tuesday Blitz February 22 Early 2022"]
[White "Tsatsalashvili, Keti"]
[Black "Krutko, Anatoly"]
[WhiteFideId "13603434"]
[BlackFideId "4185862"]
[WhiteElo "2246"]
[BlackElo "2378"]
[Result "0-1"]
[Round "07"]
[TimeControl "180+1"]
[Date "2022.02.22"]
[WhiteClock "0:00:52"]
[BlackClock "0:01:16"]

1. d4 Nf6 2. c4 g6 3. Nc3 Bg7 4. e4 d6 5. Nf3 O-O 6. h3 a6 7. Be2 c5 8. d5 b5 9. cxb5 axb5 10. Bxb5 Nxe4 11. Nxe4 Qa5+ 12. Nc3 Bxc3+ 13. bxc3 Qxb5 14. Bh6 Re8 15. Qe2 Qxe2+ 16. Kxe2 Ba6+ 17. Kd2 Bc4 18. a4 Bxd5 19. h4 Nc6 20. h5 Reb8 21. hxg6 hxg6 22. Ke2 Rb2+ 23. Bd2 Bxf3+ 24. gxf3 Ne5 25. Rh4 Rxd2+ 26. Kxd2 Nxf3+ 27. Kd3 Nxh4 28. Kc4 f5 29. a5 Kf7 30. Kb5 Kf6 31. a6 g5 32. Kc6 f4 33. Kb7 Re8 34. a7 g4 35. Re1 e5 36. Rd1 g3 37. fxg3 fxg3 38. Rxd6+ Kf5 39. Rc6 g2 40. Rc8 Rxc8 41. Kxc8 g1=Q 42. a8=Q Qg8+ 43. Kb7 Qxa8+ 44. Kxa8 Ke4 0-1


[Site "https://www.chess.com"]

[Event "Titled Tuesday Blitz February 22 Early 2022"]
[White "Unat, Can Haktan"]
[Black "Sailer, Mike"]
[WhiteFideId "6398073"]
[BlackFideId "2012901"]
[WhiteElo "1980"]
[BlackElo "2109"]
[Result "0-1"]
[Round "07"]
[TimeControl "180+1"]
[Date "2022.02.22"]
[WhiteClock "0:01:56"]
[BlackClock "0:00:03"]

1. e4 d5 2. exd5 Qxd5 3. Nc3 Qd6 4. d4 Nf6 5. g3 c6 6. Bf4 Qd8 7. Bg2 Bf5 8. Nge2 e6 9. O-O Be7 10. Qd2 O-O 11. f3 Nbd7 12. g4 Bg6 13. h4 h6 14. h5 Bh7 15. Ne4 Nb6 16. Bxh6 gxh6 17. Qxh6 Nxe4 18. Qc1 Nf6 19. c3 Nfd5 20. f4 Nc4 21. Bh3 Bd6 22. b3 Nce3 23. Rf3 Nc2 24. Rb1 Be4 25. Rg3 Qh4 26. Kh2 Nce3 27. Qg1 Nxf4 28. Re1 Nxe2 29. Rxe2 Nxg4# 0-1


[Site "https://www.chess.com"]

[Event "Titled Tuesday Blitz February 22 Early 2022"]
[White "Van den Dikkenberg, Erik"]
[Black "Thomas, Anysia"]
[WhiteFideId "1005880"]
[BlackFideId "670472"]
[WhiteElo "2118"]
[BlackElo "2002"]
[Result "0-1"]
[Round "07"]
[TimeControl "180+1"]
[Date "2022.02.22"]
[WhiteClock "0:00:22"]
[BlackClock "0:01:27"]

1. e4 c5 2. Nc3 Nc6 3. Bb5 Nd4 4. Nf3 g6 5. O-O Bg7 6. d3 Nf6 7. e5 Ng4 8. Nxd4 cxd4 9. Qxg4 dxc3 10. bxc3 O-O 11. d4 d6 12. Qe2 dxe5 13. dxe5 Qc7 14. Bf4 Qxc3 15. Rad1 Be6 16. Rd3 Qb4 17. c4 a6 18. Rb3 Qa5 19. Bd2 Qxa2 20. Rfb1 axb5 21. R3b2 Qxc4 22. Qf3 Rad8 23. Ba5 Rd3 24. Qxb7 Qd5 25. Qxd5 Rxd5 26. Rxb5 Ra8 27. Rb8+ Rxb8 28. Rxb8+ Bf8 29. Be1 Rd1 30. Kf1 Bc4+ 31. Kg1 Rxe1# 0-1


[Site "https://www.chess.com"]

[Event "Titled Tuesday Blitz February 22 Early 2022"]
[White "Vifleemskaia, Svetlana"]
[Black "Zavivaeva, Emilia"]
[WhiteFideId "4129490"]
[BlackFideId "34127531"]
[WhiteElo "1901"]
[BlackElo "1685"]
[Result "1-0"]
[Round "07"]
[TimeControl "180+1"]
[Date "2022.02.22"]
[WhiteClock "0:00:53"]
[BlackClock "0:00:01"]

1. d4 d5 2. c4 e6 3. Nc3 Nf6 4. cxd5 Nxd5 5. e4 Nxc3 6. bxc3 c5 7. Rb1 Nc6 8. Nf3 cxd4 9. cxd4 Bb4+ 10. Bd2 Bxd2+ 11. Qxd2 O-O 12. Bc4 a6 13. O-O b5 14. Bb3 Bb7 15. d5 exd5 16. Bxd5 Qe7 17. Rfc1 Rfd8 18. Qf4 Rac8 19. h4 Na5 20. Rd1 Nc4 21. Bxb7 Qxb7 22. Qf5 Nd6 23. Qd5 Qe7 24. e5 Nc4 25. Qe4 Re8 26. Rd5 f6 27. Re1 Qe6 28. Nd4 Qe7 29. e6 Ne5 30. f4 Nc4 31. Nf5 Qa7+ 32. Kh1 Rc6 33. Rd7 1-0


[Site "https://www.chess.com"]

[Event "Titled Tuesday Blitz February 22 Early 2022"]
[White "Viskelis, Darius"]
[Black "Abramov, Alexander"]
[WhiteFideId "12800830"]
[BlackFideId "4174089"]
[WhiteElo "1999"]
[BlackElo "2048"]
[Result "0-1"]
[Round "07"]
[TimeControl "180+1"]
[Date "2022.02.22"]
[WhiteClock "0:01:35"]
[BlackClock "0:00:26"]

1. e4 c5 2. d4 cxd4 3. c3 dxc3 4. Nf3 Nc6 5. Nxc3 e6 6. Bc4 Nge7 7. O-O a6 8. a4 Ng6 9. Qe2 Be7 10. e5 Qc7 11. Re1 O-O 12. Bg5 Bxg5 13. Nxg5 Ncxe5 14. Bb3 d5 15. Rac1 Qe7 16. Qh5 h6 17. f4 Nd3 18. Nxd5 Qd6 19. Nxf7 Rxf7 20. f5 Ngf4 21. Nxf4 Qd4+ 22. Kh1 Nf2+ 23. Kg1 Nh3+ 24. Kh1 Qg1+ 25. Rxg1 Nf2# 0-1


[Site "https://www.chess.com"]

[Event "Titled Tuesday Blitz February 22 Early 2022"]
[White "Vokhidov, Shamsiddin"]
[Black "Jobava, Baadur"]
[WhiteFideId "14204223"]
[BlackFideId "13601520"]
[WhiteElo "2611"]
[BlackElo "2617"]
[Result "1-0"]
[Round "07"]
[TimeControl "180+1"]
[Date "2022.02.22"]
[WhiteClock "0:01:02"]
[BlackClock "0:00:59"]

1. e4 c6 2. d4 d5 3. e5 Bf5 4. h4 Qc7 5. h5 h6 6. Bd3 Bxd3 7. Qxd3 e6 8. Ne2 c5 9. c3 Nc6 10. O-O Rc8 11. a3 Nge7 12. Nd2 a6 13. Nf3 Nf5 14. b4 c4 15. Qd1 a5 16. b5 Na7 17. a4 Rd8 18. Ng3 Ne7 19. Nh4 Nec8 20. f4 Be7 21. Qg4 Bxh4 22. Qxh4 Ne7 23. Qg4 Rg8 24. f5 Qd7 25. Ba3 Nac8 26. Ra2 exf5 27. Nxf5 Nxf5 28. Rxf5 Qe6 29. Raf2 Rd7 30. Rxf7 1-0


[Site "https://www.chess.com"]

[Event "Titled Tuesday Blitz February 22 Early 2022"]
[White "Volkov, Maksim"]
[Black "Mekhitarian, Krikor Sevag"]
[WhiteFideId "54123070"]
[BlackFideId "2107660"]
[WhiteElo "2081"]
[BlackElo "2598"]
[Result "0-1"]
[Round "07"]
[TimeControl "180+1"]
[Date "2022.02.22"]
[WhiteClock "0:00:03"]
[BlackClock "0:00:22"]

1. d4 Nf6 2. c4 g6 3. g3 Bg7 4. Bg2 d5 5. cxd5 Nxd5 6. Nc3 Nb6 7. Nf3 Nc6 8. e3 O-O 9. O-O Re8 10. b3 e5 11. dxe5 Qxd1 12. Rxd1 Nxe5 13. Nxe5 Bxe5 14. Bb2 c6 15. Rd2 Be6 16. Rad1 f5 17. Ne2 Bxb2 18. Rxb2 Rad8 19. Rbd2 Rxd2 20. Rxd2 Kf8 21. h4 Ke7 22. Nf4 Bf7 23. e4 fxe4 24. Bxe4 a5 25. Kg2 a4 26. bxa4 Nxa4 27. Bf3 Ra8 28. Bg4 Nc5 29. Rc2 Ra5 30. h5 g5 31. Ne2 Bxa2 32. h6 Be6 33. Kh3 Ra4 34. f4 Bxg4+ 35. Kxg4 Ne6 36. Rb2 b5 37. Kf5 gxf4 38. Nxf4 Nxf4 39. gxf4 b4 40. Rg2 Ra5+ 41. Ke4 Rb5 42. Kd4 b3 43. Kc3 b2 44. Rxb2 Rxb2 45. Kxb2 Kf6 46. Kc3 Kg6 47. Kd4 Kxh6 48. Ke5 Kg7 49. Ke6 Kf8 50. Kd6 h5 51. Kxc6 h4 52. Kd5 h3 53. Ke4 h2 0-1


[Site "https://www.chess.com"]

[Event "Titled Tuesday Blitz February 22 Early 2022"]
[White "Von Buelow, Georg"]
[Black "Toncheva, Nadya"]
[WhiteFideId "4620658"]
[BlackFideId "2924056"]
[WhiteElo "2197"]
[BlackElo "1920"]
[Result "0-1"]
[Round "07"]
[TimeControl "180+1"]
[Date "2022.02.22"]
[WhiteClock "0:00:32"]
[BlackClock "0:00:24"]

1. e4 c5 2. Nf3 Nc6 3. d4 cxd4 4. Nxd4 g6 5. c4 Bg7 6. Be3 Nf6 7. Nc3 O-O 8. Be2 d6 9. O-O Bd7 10. h3 Nxd4 11. Bxd4 Bc6 12. Qc2 Nd7 13. Bxg7 Kxg7 14. b4 b6 15. Rac1 Rc8 16. Qb2 Kg8 17. Rfd1 Bb7 18. Bg4 Rxc4 19. Bxd7 Qxd7 20. Nd5 Rxc1 21. Rxc1 Bxd5 22. exd5 Rc8 23. Rc3 Qb7 24. Rxc8+ Qxc8 25. Qe2 Kf8 26. Kh2 Qc3 27. Qb5 Qe5+ 28. g3 Qb2 29. Kg2 Qxa2 30. Qc6 Qb1 31. h4 Qe4+ 32. Kh2 Qxb4 33. Qa8+ Kg7 34. Qxa7 Qb2 35. Kg2 Kf6 36. Qb8 Kg7 37. Qb7 Qe2 38. Kg1 b5 39. Kg2 Qe4+ 40. Kh2 b4 41. Kg1 e6 42. Qb6 Qxd5 43. Qxb4 Qd1+ 44. Kg2 Qd5+ 45. Kg1 Qe5 46. f4 Qc5+ 47. Qxc5 dxc5 48. Kf2 f6 49. Ke3 e5 50. Kd3 exf4 51. gxf4 Kh6 52. Kc4 Kh5 53. f5 gxf5 54. Kxc5 Kxh4 0-1


[Site "https://www.chess.com"]

[Event "Titled Tuesday Blitz February 22 Early 2022"]
[White "Vovk, Orest"]
[Black "Obolenskikh, Dmitry"]
[WhiteFideId "14113490"]
[BlackFideId "4156013"]
[WhiteElo "2624"]
[BlackElo "2802"]
[Result "0-1"]
[Round "07"]
[TimeControl "180+1"]
[Date "2022.02.22"]
[WhiteClock "0:00:04"]
[BlackClock "0:00:34"]

1. e4 e5 2. Nf3 Nc6 3. Bb5 a6 4. Ba4 Nf6 5. O-O Be7 6. Re1 b5 7. Bb3 d6 8. d3 Na5 9. Nbd2 O-O 10. Nf1 c5 11. Bd2 Nxb3 12. axb3 Bb7 13. Ne3 g6 14. c4 Nh5 15. Nd5 Bxd5 16. cxd5 Qd7 17. b4 cxb4 18. Bxb4 f5 19. d4 fxe4 20. Rxe4 Nf6 21. Re1 e4 22. Ng5 Qf5 23. Ne6 Rf7 24. Nc7 Rc8 25. Nxa6 Nxd5 26. Bd2 Qxf2+ 27. Kh1 e3 28. Bb4 Rc2 29. Qg4 Kg7 30. Rg1 h5 31. Qe6 Nf4 32. Qe4 d5 33. Qf3 Nd3 34. Bxe7 Rxf3 0-1


[Site "https://www.chess.com"]